 Dungeon Crawl Stone Soup version 0.25-a0-56-g68f8618 (webtiles) character file.

Game seed: 2422841390616544799, levelgen mode: deterministic

9 BoppinsLewinski the Sneak (level 2, 11/13 HPs)
             Began as a Spriggan Enchanter on Oct 25, 2019.
             Got out of the dungeon alive.
             The game lasted 00:04:51 (706 turns).

BoppinsLewinski the Sneak (Spriggan Enchanter)       Turns: 706, Time: 00:04:51

Health: 11/13      AC:  2    Str:  4    XL:     2   Next: 3%
Magic:  1/6        EV: 18    Int: 16    God:
Gold:   0          SH:  0    Dex: 16    Spells: 3/6 levels left

rFire    . . .     SeeInvis +   a - +1 dagger
rCold    . . .     Gourm    .   (shield restricted)
rNeg     . . .     Faith    .   b - +0 robe
rPois    .         Spirit   .   (helmet restricted)
rElec    .         Reflect  .   (no cloak)
rCorr    .         Harm     .   (gloves unavailable)
MR       .....                  (boots unavailable)
Stlth    +++.......             (no amulet)
HPRegen  0.04/turn              (no ring)
MPRegen  0.10/turn              (no ring)

@: very slightly contaminated, very quick
A: very small, unfitting armour, see invisible, herbivore, speed 3, slow
metabolism 2
a: no special abilities


You escaped.
You were not hungry.

You visited 1 branch of the dungeon, and saw 1 of its levels.

Inventory:

Hand Weapons
 a - a +1 dagger (weapon)
Armour
 b - a +0 robe (worn)
Potions
 c - a potion of flight {unknown}
Comestibles
 d - a ration


   Skills:
 + Level 0.1 Fighting
 + Level 1.2 Short Blades
 + Level 3.3 Dodging
 + Level 4.5 Stealth
 + Level 2.8 Spellcasting
 * Level 3.9 Hexes


You had 3 spell levels left.
You knew the following spells:

 Your Spells              Type           Power        Failure   Level  Hunger
a - Corona                Hex            ##.....      3%          1    #......
b - Ensorcelled Hibernat  Hex/Ice        #.....       13%         2    ##.....

Your spell library contained the following spells:

 Spells                   Type           Power        Failure   Level  Hunger
 Confuse                  Hex            ##......     12%         3    ###....
 Tukima's Dance           Hex            ##......     12%         3    ###....
 Dazzling Spray           Conj/Hex       #.....       26%         3    ###....


Dungeon Overview and Level Annotations

Branches:
Dungeon (1/15)

Altars:


Innate Abilities, Weirdness & Mutations

You are very small and have problems with some larger weapons.
You are too small for most types of armour.
You have supernaturally acute eyesight. (SInv)
You are a herbivore.
You cover ground extremely quickly.
You need to consume almost no food.


Message History

Aim: a jackal Okay, than.
Unknown command.
Unknown command.
Thar be an op'n door 'ere.
Unknown command.
Ye see 'ere a stone.
Ye see 'ere 2 stones.
Ye see 'ere 2 stones.
Ye see 'ere a stone.
Thar be an op'n door 'ere.
Ye see 'ere a stone.
Thar be a staircase leadin' outta tha dungeon 'ere.
Ye cannae go down 'ere!
Unknown command.
Be ye sure ye want ta leave tha Dungeon? 'tis will make ye lose tha game!
Alright, than stay!
Unknown command.
Be ye sure ye want ta leave tha Dungeon? 'tis will make ye lose tha game!
Ye haf 'scaped!

#.# #######...####.##..#
#.####(.(..###.##....##.#
#.##(((.(((..####.##.##.#
#.+..(((8(..(.'h..##.##.#
####.(((((h(.#######(##..
###(((h(### #.###.
###'### #..### ##..h..##
##.# # #...@...#
#####.### ##.....##
#...#.... #######
..g#...##h.# #...%.hh..##
......h##..# ####### ##.#
.# .# ..


You could see 2 jackals.

Vanquished Creatures
  A leopard gecko (D:1)
  A giant cockroach (D:1)
  2 goblins (D:1)
  A hobgoblin (D:1)
  A frilled lizard (D:1)
  A rat (D:1)
7 creatures vanquished.

Notes
Turn   | Place    | Note
-------+----------+-------------------------------------------
     0 | D:1      | BoppinsLewinski the Spriggan Enchanter began the quest for
                  | the Orb.
     0 | D:1      | Reached XP level 1. HP: 9/9 MP: 5/5
   541 | D:1      | Reached XP level 2. HP: 13/13 MP: 6/6
   589 | D:1      | Learned a level 2 spell: Ensorcelled Hibernation
   706 | D:$      | Got out of the dungeon alive.

Levels and vault maps discovered:
D:1:      minmay_arrival_shattered_statue, layout_rooms, chequers_avenue

Table legend:
 A = Non-vault XP
 B = Vault XP
 C = Vault XP percentage of total XP
 D = Non-vault monster count
 E = Vault monster count
 F = Vault count percentage of total count
                 A         B        C        D         E       F
            +---------+---------+-------+---------+---------+-------
      Total |      13 |       0 |   0.0 |       7 |       0 |   0.0
            +---------+---------+-------+---------+---------+-------
        D:1 |      13 |       0 |   0.0 |       7 |       0 |   0.0
            +---------+---------+-------+---------+---------+-------
